 Dungeon Crawl Stone Soup version 0.20.0-15-g7f486f2 (webtiles) character file.

66 straycat the Skirmisher (level 3, 0/29 HPs)
             Began as a Vampire Fighter on June 13, 2017.
             Slain by a goblin
             ... wielding a +0 dagger
             ... led by Robin
              (3 damage)
             ... on level 2 of the Dungeon.
             The game lasted 00:04:16 (1527 turns).

straycat the Skirmisher (Vampire Fighter)           Turns: 1527, Time: 00:04:18

Health: 0/29       AC:  6    Str: 21    XL:     3   Next: 96%
Magic:  3/3        EV:  8    Int: 10    God:
Gold:   99         SH:  9    Dex: 13    Spells: 2/2 levels left

rFire    . . .     SeeInvis +   a - +0 rapier
rCold    + . .     Gourm    .   c - +0 shield
rNeg     + + .     Faith    .   b - +0 scale mail
rPois    +         Spirit   .   (no helmet)
rElec    .         Reflect  .   (no cloak)
rCorr    .         Harm     .   (no gloves)
MR       .....                  (no boots)
Stlth    +.........             (no amulet)
Regen    0.1/turn               (no ring)
MPRegen  0.1/turn               (no ring)

@: mighty, regenerating slowly
A: fangs 3, see invisible, unbreathing
a: Bat Form


You were on level 2 of the Dungeon.
You were thirsty.

You visited 1 branch of the dungeon, and saw 2 of its levels.

You collected 99 gold pieces.

Inventory:

Hand Weapons
 a - a +0 rapier (weapon)
 s - a +2 dagger of venom
 t - a +0 spear of freezing
 v - a +0 falchion
 w - a +0 hunting sling
 z - a +3 dagger of draining
Missiles
 f - 23 poisoned needles
 h - 7 tomahawks (quivered)
 j - 78 stones
 k - 12 bolts
 m - 28 arrows
Armour
 b - a +0 scale mail (worn)
 c - a +0 shield (worn)
Jewellery
 u - a cursed -3 ring of intelligence {unknown}
Scrolls
 g - a scroll of magic mapping {unknown}
 i - 5 scrolls of identify {unknown}
 n - a scroll of enchant armour {unknown}
 o - 4 scrolls of remove curse {unknown}
 p - a scroll of recharging {unknown}
 r - a scroll of amnesia {unknown}
 y - 3 scrolls of blinking {unknown}
Potions
 e - 11 potions of blood
 l - a potion of curing {unknown}
 q - a potion of ambrosia {unknown}
 x - a potion of invisibility {unknown}


   Skills:
 + Level 3.3 Fighting
 - Level 2.1 Short Blades
 - Level 2.5 Armour
 * Level 2.3 Dodging
 + Level 3.1 Shields


You had 2 spell levels left.
You didn't know any spells.

Dungeon Overview and Level Annotations

Branches:
Dungeon (2/15)

Altars:

Annotations:
D:2 Robin


Innate Abilities, Weirdness & Mutations

You heal slowly.
You have razor-sharp teeth.
You have supernaturally acute eyesight. (SInv)
You can survive without breathing.


Message History

You puncture the goblin!
You kill the goblin!
You block the hobgoblin's attack. The goblin hits you but does no damage.
You block the hobgoblin's attack.
The goblin shoots a stone.
The stone hits you.
* * * LOW HITPOINT WARNING * * *
Robin roars a battlecry!
The goblins go into a battle-frenzy!
You hit the hobgoblin. You bite the hobgoblin.
You draw the hobgoblin's blood!
You feel better.
You feel slightly less thirsty.
You kill the hobgoblin!
The goblin hits you with a dagger.
* * * LOW HITPOINT WARNING * * *
You block the hobgoblin's attack.
The goblin shoots a stone.
You block the stone. The goblin hits you but does no damage.
Robin throws the goblin at you! The goblin closely misses you.
You see here a hobgoblin corpse.
The goblin hits you but does no damage. The goblin hits you with a dagger.
You die...

..##...#####.##....#.#.#...#.#.#.
..##...#####.##....#.#.##.##.#.#.
...................#.#.##.##.#.##
...................#.#.#........#
..##<.)#####.........#..##.#.#.##
..................####..##...#...
.#.#.#.#####......g............##
.......# #.##'#g#.##..###....#
.#.#.#.## #.#..@g†g...........#
......... #.#...##g##..####..##
.#.#.#...###.#...##g##..# #..#
.............#...##g....####...
.................##.g.......>.
...##.#......................
...##+#.....####.##.....#####
...........%# #.##!....#
##.)........## ##.....###


You could see a hobgoblin and 4 goblins.

Vanquished Creatures
  An adder (D:2)
  An ooze (D:2)
  A worm (D:2)
  2 dart slugs (D:2)
  3 leopard geckos
  4 giant cockroaches
  6 hobgoblins
  2 kobolds (D:1)
  8 bats
  3 frilled lizards
  5 goblins
  7 rats
43 creatures vanquished.

Notes
Turn   | Place    | Note
-------+----------+-------------------------------------------
     0 | D:1      | straycat the Vampire Fighter began the quest for the Orb.
     0 | D:1      | Reached XP level 1. HP: 17/17 MP: 1/1
   139 | D:1      | Reached XP level 2. HP: 20/23 MP: 2/2
   479 | D:1      | Reached skill level 1 in Dodging
  1134 | D:2      | Reached XP level 3. HP: 23/28 MP: 3/3
  1502 | D:2      | Noticed Robin
  1527 | D:2      | Slain by a goblin

Skill      XL: |  1  2  3 |
---------------+----------+-----
Dodging        | 1 2 |  2.3
Shields        | 3 |  3.1
Fighting       | 3 |  3.3
Short Blades   | |  2.1
Armour         | |  2.5

Action                   || total
-------------------------++-------
Melee: Rapier            ||   141
       Bite              ||    13
  Use: Potion            ||     1
  Eat: Corpse            ||     1
Armor: Scale mail        ||    75
Dodge: Dodged            ||    59
Block: Shield            ||    84
